 Dungeon Crawl Stone Soup version 0.24.0-13-gcf9b3192b9 (webtiles) character file.

Game seed: 12134277595683710531, levelgen mode: deterministic

833 losten the Slasher (level 7, 0/55 HPs)
             Began as a Demonspawn Berserker on Nov 10, 2019.
             Was a Believer of Trog.
             Killed from afar by an orc wizard (5 damage)
             ... with a puff of flame
             ... on level 5 of the Dungeon.
             The game lasted 00:10:37 (5893 turns).

losten the Slasher (Demonspawn Berserker)           Turns: 5893, Time: 00:10:37

Health: 0/55       AC:  9    Str: 19    XL:     7   Next: 65%
Magic:  7/7        EV:  7    Int:  9    God:    Trog [**....]
Gold:   373        SH: 13    Dex: 12    Spells: 6/6 levels left

rFire    . . .     SeeInvis .   t - +4 short sword (drain)
rCold    . . .     Gourm    .   d - +0 large shield
rNeg     + . .     Faith    .   q - +0 scale mail
rPois    .         Spirit   .   (no helmet)
rElec    .         Reflect  .   (no cloak)
rCorr    .         Harm     .   (no gloves)
MR       .....                  o - +0 pair of boots
Stlth    ..........             (no amulet)
HPRegen  0.18/turn              e - ring of positive energy
MPRegen  0.10/turn              (no ring)

@: berserk cooldown
A: hooves 1, rugged brown scales 1, rot immunity
a: Berserk, Trog's Hand, Renounce Religion


You were on level 5 of the Dungeon.
You worshipped Trog.
Trog was pleased with you.
You were not hungry.

You visited 1 branch of the dungeon, and saw 5 of its levels.

You collected 373 gold pieces.

Inventory:

Hand Weapons
 a - a +0 falchion
 t - a +4 short sword of draining (weapon)
Missiles
 g - 7 poisoned darts (quivered)
Armour
 b - a +0 animal skin
 d - a +0 large shield (worn)
 o - a +0 pair of boots (worn)
 q - a +0 scale mail (worn)
Jewellery
 e - a ring of positive energy (left hand)
Scrolls
 f - 3 scrolls of remove curse {unknown}
 h - a scroll of teleportation {unknown}
 i - 4 scrolls of identify {unknown}
 j - 2 scrolls of enchant armour {unknown}
 k - 2 scrolls of magic mapping {unknown}
 l - 2 scrolls of amnesia {unknown}
 n - 2 scrolls of immolation {unknown}
Potions
 p - 2 potions of brilliance {unknown}
 r - a potion of ambrosia {unknown}
 s - a potion of flight {unknown}
 u - a potion of haste {unknown}
Comestibles
 c - 6 rations


   Skills:
 + Level 4.2 Fighting
 + Level 1.0(3.2) Short Blades
 + Level 4.9(5.0) Long Blades
 + Level 0.3 Throwing
 + Level 3.3 Armour
 + Level 3.4 Dodging
 + Level 1.2 Stealth
 + Level 3.5 Shields


You had 6 spell levels left.
You didn't know any spells.
Your spell library was empty.

Dungeon Overview and Level Annotations

Branches:
Dungeon (5/15)
 Temple: D:4-7

Altars:
Hepliaklqana
Makhleb
Yredelemnul
The Shining One


Innate Abilities, Weirdness & Mutations

You have large cloven feet.
You are partially covered in rugged brown scales. (AC +1, +3% HP)
You are immune to rotting.


Message History

Your shield prevents you from hitting the orc wizard.
The orc wizard is severely wounded.
The orc wizard casts a spell at you. The puff of flame hits you.
* * * LOW HITPOINT WARNING * * *
You hear some strange, mumbled words.
A magic dart appears from out of thin air!
The magic dart hits you.
* * * LOW HITPOINT WARNING * * *
You hit the orc wizard.
The orc wizard is almost dead.
The orc wizard points at you and mumbles some strange words.
The puff of flame hits you but does no damage.
You block the orc wizard's attack. Something hits you.
* * * LOW HITPOINT WARNING * * *
You closely miss the orc wizard.
The orc wizard is almost dead.
The orc wizard casts a spell at you. The puff of flame hits you.
You die...

. ... #.....#.. #(..#.#
#.....#.# #.#.#..###.......#
#.#..#..........##
#(##.#............
#######.#....#..........
...(.##(..#....#....#... ..
####....{o..........##... >.#
###.......@.......#...##...
.......###...........#.#.##...
#.. #.(..รท....##.##..#.# ...
###..###(#.###.###..##.##.. ...
....>..........###.###.###.####
...W.......).....#.# #.# ..
.............###.#.##..# ...
..........##..##...)#.## ...
........<......#..#.#.


You could see an orc wizard.

Vanquished Creatures
  Sigmund (D:4)
  A phantom (D:5)
  2 scorpions
  3 hounds
  3 orc priests
  2 orc wizards
  A worker ant (D:4)
  3 gnolls (D:4)
  8 adders
  A shadow imp (D:5)
  An ooze (D:1)
  A worm (D:4)
  4 dart slugs
  5 leopard geckos
  17 orcs
  6 giant cockroaches
  8 goblins
  3 hobgoblins
  6 jackals
  3 quokkas
  2 ball pythons
  3 bats
  4 frilled lizards
  4 kobolds
  A leopard gecko skeleton (D:4)
  6 rats
  A fungus (D:1)
100 creatures vanquished.

Notes
Turn   | Place    | Note
-------+----------+-------------------------------------------
     0 | D:1      | losten the Demonspawn Berserker began the quest for the
                  | Orb.
     0 | D:1      | Reached XP level 1. HP: 18/18 MP: 1/1
   244 | D:1      | Gained mutation: You have large cloven feet. [demonic
                  | ancestry]
   244 | D:1      | Reached XP level 2. HP: 24/24 MP: 2/2
   975 | D:2      | Gained mutation: You are immune to rotting. [demonic
                  | ancestry]
   975 | D:2      | Reached XP level 3. HP: 15/29 MP: 3/3
  1397 | D:2      | Reached skill level 1 in Shields
  1719 | D:2      | Found a faded altar of an unknown god.
  1891 | D:2      | Reached XP level 4. HP: 5/35 MP: 4/4
  2569 | D:3      | Found a hazy altar of Hepliaklqana.
  2592 | D:3      | Reached ** piety under Trog
  3575 | D:3      | Reached XP level 5. HP: 20/42 MP: 5/5
  4323 | D:4      | Reached skill level 1 in Stealth
  4367 | D:4      | Reached XP level 6. HP: 47/48 MP: 6/6
  4410 | D:4      | Noticed Sigmund
  4444 | D:4      | Killed Sigmund
  4560 | D:4      | Found a burning altar of Makhleb.
  4658 | D:4      | Gained mutation: You are partially covered in rugged brown
                  | scales. (AC +1, +3% HP) [demonic ancestry]
  4658 | D:4      | Reached XP level 7. HP: 14/55 MP: 7/7
  4929 | D:4      | Found a glowing golden altar of the Shining One.
  5353 | D:4      | Found a basalt altar of Yredelemnul.
  5356 | D:4      | Noticed a profane servitor
  5424 | D:4      | Noticed an angel
  5438 | D:5      | Entered Level 5 of the Dungeon
  5481 | D:5      | HP: 2/55 [poisoned by an orc wizard]
  5863 | D:5      | Reached skill level 1 in Short Blades
  5893 | D:5      | Killed from afar by an orc wizard

Levels and vault maps discovered:
D:1:      dpeg_cavernosity, layout_rooms
D:2:      minmay_general_purpose_star, layout_basic,
          chequers_ecumenical_altar_island
D:3:      layout_basic, old_standard_altar
D:4:      layout_basic, grunt_temple_overflow_holy_war,
          makhleb_heckhound_becter, uniq_sigmund
D:5:      layout_rooms, grunt_temple_overflow_open, first_ration,
          uniq_prince_ribbit1

Skill      XL: |  1  2  3  4  5  6  7 |
---------------+----------------------+-----
Long Blades    | 3 4 |  4.9
Armour         | 2 3 |  3.3
Dodging        | 2 3 |  3.4
Shields        | 1 2 3 |  3.5
Stealth        | 1 |  1.2
Fighting       | 4 |  4.2
Short Blades   | 1 |  1.0
Throwing       | |  0.3

Action                   |  1- 3 |  4- 6 |  7- 9 || total
-------------------------+-------+-------+-------++-------
Melee: Falchion          |   111 |   206 |     2 ||   319
       Kick              |    26 |    24 |       ||    50
       Short sword       |       |       |   101 ||   101
Throw: Dart              |       |     5 |    12 ||    17
Invok: Berserk           |       |     5 |     2 ||     7
       Trog's Hand       |       |     2 |     2 ||     4
  Use: Potion            |       |     1 |       ||     1
 Stab: Sleeping          |     1 |       |       ||     1
  Eat: Chunk             |     3 |    10 |     4 ||    17
       Ration            |       |     1 |     1 ||     2
Armor: Animal skin       |    15 |    21 |       ||    36
       Scale mail        |       |    53 |    39 ||    92
Dodge: Dodged            |    21 |    65 |    16 ||   102
Block: Large shield      |    55 |   143 |    67 ||   265
       Rpst.: Falchion   |     6 |    24 |       ||    30
